 Dungeon Crawl Stone Soup version 0.29.0-4-gdea44cf6ec (webtiles) character file.

Game seed: 1589053460506750052

2902 qw the Grappler (level 9, -14/84 HPs)
             Began as a Troll Cinder Acolyte on Aug 31, 2022.
             Was a High Priest of Ignis.
             Demolished by a two-headed ogre
             ... wielding a +0 giant spiked club
              (17 damage)
             ... on level 9 of the Dungeon.
             The game lasted 00:03:44 (7525 turns).

qw the Grappler (Troll Cinder Acolyte)              Turns: 7525, Time: 00:03:44

Health: -14/84     AC:  6    Str: 28    XL:     9   Next: 49%
Magic:  9/9        EV:  9    Int: 10    God:    Ignis [*****.]
Gold:   596        SH:  0    Dex:  8    Spells: 10/10 levels left

rFire   + + .      SeeInvis .     - Unarmed
rCold   + + .      Faith    .   (no shield)
rNeg    . . .      Spirit   .   b - +2 robe {Will+}
rPois   .          Reflect  .   h - +0 hat "Ynoafaloy" {rC+ Dex+3}
rElec   .          Harm     .   (no cloak)
rCorr   .          Rampage  .   (gloves unavailable)
Will    +....                   (boots unavailable)
Stlth   +.........              l - amulet of regeneration
HPRegen 1.84/turn               f - ring of protection from fire
MPRegen 0.11/turn               (no ring)

@: about to teleport
A: large, unfitting armour, claws 3, regeneration 1, shaggy fur 1, tough skin 1,
cold resistance 1
a: Renounce Religion, Fiery Armour, Foxfire Swarm, Rising Flame


You were on level 9 of the Dungeon.
You worshipped Ignis.
Ignis was extremely pleased with you.
You visited 1 branch of the dungeon, and saw 9 of its levels.
You also visited: Ossuary.

You collected 596 gold pieces.


Innate Abilities, Weirdness & Mutations

You are too large for most types of armour.
You have claws for hands.
Your natural rate of healing is unusually fast.
You are covered in fur. (AC +1)
You have tough skin. (AC +1)
Your flesh is cold resistant. (rC+)


   Skills:
 - Level 4.0 Fighting
 - Level 1.7 Throwing
 + Level 1.8 Dodging
 - Level 12.4 Unarmed Combat
 - Level 1.0 Spellcasting
 - Level 2.1 Fire Magic


You had 10 spell levels left.
You didn't know any spells.
Your spell library contained the following spells:

 Spells                   Type           Power      Damage    Failure   Level
 Scorch                   Fire           8%         2d5       22%         2

Inventory:

Armour
 b - a +2 robe of willpower (worn)
 h - the +0 hat "Ynoafaloy" (worn) {rC+ Dex+3}
   (You acquired it in an ossuary)

   Dex:       It affects your dexterity (+3).
   rC:        It protects you from cold.
Jewellery
 f - a ring of protection from fire (left claw)
 l - an amulet of regeneration (around neck)
Scrolls
 a - a scroll of enchant armour
 c - a scroll of vulnerability {unknown}
 k - 3 scrolls of teleportation
 q - a scroll of identify
Potions
 d - 7 potions of curing
 e - a potion of mutation
 g - a potion of cancellation
 i - a potion of heal wounds
 m - a potion of resistance
 n - a potion of haste

Dungeon Overview and Level Annotations

Branches:
Dungeon (9/15)             Temple (0/1) D:7         Ossuary (visited)
   Lair: D:8-11         Orc: D:9-12

Altars:
Dithmenos
Elyvilon
Gozag
Hepliaklqana
Sif Muna
Trog
Vehumet
Yredelemnul
Zin
Jiyva

Shops:
D:2 (   D:4 *   D:5 (   D:8 *

Annotations:
D:4 2 transporters, qw's ghost, amateur TeWr
D:8 3 runed translucent doors, qw's ghost, novice TrCA


Message History

Where to? (* - list waypoints, Enter - D:8, ? - help)
What level of the Dungeon? (default 1, ? - help)
There is a stone staircase leading down here.
You climb downwards.
Found 8 gold pieces.
Found a faded altar of an unknown god.
There is a stone staircase leading up here.
Existing waypoints: (1) D:8 (2) D:7 Assign waypoint to what number? (0-9, D - delete waypoint) Waypoint 2 re-assigned from D:7 to D:9.
You now have 596 gold pieces (gained 8).
Found 5 curare-tipped darts.
Found an escape hatch in the ceiling.
Enter note:
c - a scroll labelled IFOM EMIOXTEFI You see here 5 curare-tipped darts.
A two-headed ogre comes into view.
It is wielding a +0 giant spiked club and a +0 giant club.
The two-headed ogre shouts in stereo!
You hear a shout!
A wyvern comes into view.
The two-headed ogre moves out of view.
The wyvern hisses angrily.
You claw the two-headed ogre!
The two-headed ogre is lightly wounded.
You scratch the two-headed ogre but do no damage.
The two-headed ogre is lightly wounded.
The two-headed ogre hits you with a +0 giant spiked club!
The two-headed ogre hits you with a +0 giant club!
The wyvern bites you!
You closely miss the two-headed ogre.
The two-headed ogre is lightly wounded.
The wyvern bites you.
You claw the two-headed ogre! x2
The two-headed ogre is heavily wounded.
The wyvern bites you! The two-headed ogre closely misses you.
The two-headed ogre hits you with a +0 giant club!
7525 ||| READING 4 scrolls of teleportation.
As you read the scroll of teleportation, it crumbles to dust.
You feel strangely unstable. The wyvern bites you. The wyvern bites you!
The two-headed ogre hits you with a +0 giant spiked club!
You die...

..## .... ...
#####.#############
...................
...................
......lO.......#
#?...@(......#
#..#######...# #
#.....#...#
+..<..#...#####
#.....#........
#..............
#....8.........
#..............
#..8.....8.....


You could see a two-headed ogre and a wyvern.

Vanquished Creatures
  A two-headed ogre (D:8)
  A wyvern (D:6)
  2 water moccasins (D:6)
  A black bear (D:6)
  3 ogres
  A centaur (D:5)
  Blork the orc (D:6)
  A bullfrog (D:7)
  3 necrophages
  A scorpion (D:5)
  4 wights (D:6)
  An electric eel (D:8)
  2 centaur zombies (Ossuary)
  An orc priest (D:7)
  A gnoll bouda (D:8)
  2 hounds
  2 jellies
  3 iguanas (D:5)
  6 orc wizards (D:7)
  3 ogre zombies (Ossuary)
  8 mummies
  5 gnolls (D:8)
  12 adders
  A white imp (D:6)
  2 ufetubi (D:6)
  3 adder zombies (Ossuary)
  A worm (D:4)
  18 orcs
  5 bats
  13 endoplasms
  3 giant cockroaches
  A gnoll zombie (Ossuary)
  8 goblins
  6 hobgoblins
  2 jackals (D:1)
  3 kobolds
  9 ball pythons
  5 frilled lizards
  7 goblin zombies (Ossuary)
  3 hobgoblin zombies
  6 kobold zombies
  3 quokka zombies (Ossuary)
  7 rats
  4 rat zombies (Ossuary)
175 creatures vanquished.

Vanquished Creatures (others)
  A plant (D:3)
1 creature vanquished.

Grand Total: 176 creatures vanquished

Notes
Turn   | Place    | Note
-------+----------+-------------------------------------------
     0 | D:1      | qw the Troll Cinder Acolyte began the quest for the Orb.
     0 | D:1      | Reached XP level 1. HP: 22/22 MP: 1/1
     0 | D:1      | 0 ||| qw: Version: 0.1-a-97-g2dd2ca4
     0 | D:1      | 0 ||| qw: Game counter: 4477
     0 | D:1      | 0 ||| qw: Always use a shield: true
     0 | D:1      | 0 ||| qw: God list: Okawaru
     0 | D:1      | 0 ||| qw: Allow faded altars: false
     0 | D:1      | 0 ||| qw: Do Orc after D:15 true
     0 | D:1      | 0 ||| qw: Do second Lair branch before Depths: true
     0 | D:1      | 0 ||| qw: Lair rune preference: random
     0 | D:1      | 0 ||| qw: Plans: Normal
     0 | D:1      | 0 ||| PLANNING D:1-11
   173 | D:1      | 173 ||| Stepping ~*~*~tactically~*~*~ (outnumbered).
   173 | D:1      | Found a faded altar of an unknown god.
   174 | D:1      | 174 ||| Stepping ~*~*~tactically~*~*~ (outnumbered).
   178 | D:1      | Reached XP level 2. HP: 23/29 MP: 2/2
   195 | D:1      | 195 ||| Stepping ~*~*~tactically~*~*~ (outnumbered).
   196 | D:1      | 196 ||| Stepping ~*~*~tactically~*~*~ (outnumbered).
   197 | D:1      | 197 ||| Stepping ~*~*~tactically~*~*~ (outnumbered).
   202 | D:1      | 202 ||| Stepping ~*~*~tactically~*~*~ (outnumbered).
   383 | D:1      | Reached skill level 4 in Unarmed Combat
   604 | D:1      | 604 ||| UPGRADING to ring of protection from fire.
   605 | D:1      | 605 ||| READING scroll labelled SAQYQU JAXEDA.
   606 | D:1      | 606 ||| READING scroll labelled CUEKUK SIYSS.
   607 | D:1      | 607 ||| Stepping randomly (stuck).
   608 | D:1      | 608 ||| Stepping ~*~*~tactically~*~*~ (cloud).
   755 | D:2      | 755 ||| STAIRDANCE
   765 | D:2      | Reached XP level 3. HP: 33/36 MP: 3/3
   926 | D:2      | Found a shadowy altar of Dithmenos.
  1046 | D:2      | 1046 ||| FLEEEEING.
  1047 | D:2      | 1047 ||| FLEEEEING.
  1050 | D:2      | 1050 ||| FLEEEEING.
  1051 | D:2      | 1051 ||| FLEEEEING.
  1054 | D:2      | 1054 ||| FLEEEEING.
  1055 | D:2      | 1055 ||| FLEEEEING.
  1056 | D:2      | 1056 ||| FLEEEEING.
  1057 | D:2      | 1057 ||| FLEEEEING.
  1059 | D:2      | 1059 ||| FLEEEEING.
  1063 | D:2      | 1063 ||| Stepping ~*~*~tactically~*~*~ (outnumbered).
  1208 | D:2      | Reached skill level 5 in Unarmed Combat
  1208 | D:2      | Reached XP level 4. HP: 44/44 MP: 4/4
  1233 | D:2      | Found Yfezabye's Weapon Shop.
  1437 | D:2      | 1437 ||| READING scroll labelled EMIRHE LOPAIFOE.
  1459 | D:2      | 1459 ||| READING scroll labelled POAGEVV WEUFO.
  1462 | D:2      | 1462 ||| DRINKING 2 metallic black potions.
  1625 | D:3      | Found a hazy altar of Hepliaklqana.
  2213 | D:3      | 2213 ||| UPGRADING to amulet of regeneration.
  2218 | D:3      | 2218 ||| READING scroll labelled JIOZEOST LAUMI.
  2219 | D:3      | 2219 ||| READING scroll labelled DERYUROTHRE.
  2220 | D:3      | 2220 ||| READING scroll labelled LEGGIE QALUZ.
  2316 | D:4      | Found a shadowy altar of Dithmenos.
  2326 | D:4      | Reached XP level 5. HP: 50/50 MP: 5/5
  2330 | D:4      | Reached skill level 6 in Unarmed Combat
  2360 | D:4      | Found a transporter.
  2361 | D:4      | Noticed qw's ghost (amateur TeWr)
  2362 | D:4      | Found a transporter.
  2362 | D:4      | Noticed an ogre
  2362 | D:4      | Identified the +9 giant club of the Pyrrhic Victory {pain,
                  | rF- rN++ rCorr}
  2362 | D:4      | Noticed an ogre
  2525 | D:4      | Found an opulent altar of Gozag.
  2717 | D:4      | Found Afuibb's Serpentskin Sales.
  2721 | D:4      | 2721 ||| SHOPLISTING +0 swamp dragon scales (550 gold, have
                  | 220).
  2763 | D:5      | Entered Level 5 of the Dungeon
  2764 | D:5      | 2764 ||| PLANNING OSSUARY
  2799 | D:5      | Reached XP level 6. HP: 59/59 MP: 6/6
  2863 | D:5      | 2863 ||| Stepping ~*~*~tactically~*~*~ (stealth).
  2875 | D:5      | Reached skill level 7 in Unarmed Combat
  3004 | D:5      | Found Serchewn's Antique Weapon Emporium.
  3071 | D:5      | Found a bloodstained altar of Trog.
  3239 | D:5      | Reached skill level 1 in Throwing
  3239 | D:5      | Reached XP level 7. HP: 59/66 MP: 7/7
  3267 | D:5      | Reached skill level 8 in Unarmed Combat
  3304 | D:5      | Found a sand-covered staircase.
  3314 | D:5      | 3314 ||| DROPPING amulet of magic regeneration.
  3315 | D:5      | 3315 ||| DRINKING 2 golden potions.
  3416 | D:5      | 3416 ||| DRINKING 2 murky clear potions.
  3446 | D:5      | 3446 ||| DRINKING 2 silvery potions.
  3447 | D:5      | 3447 ||| DRINKING 2 amethyst potions.
  3448 | D:5      | 3448 ||| DROPPING potion of ambrosia.
  3449 | D:5      | 3449 ||| DROPPING potion of lignification.
  3450 | D:5      | 3450 ||| DROPPING potion of degeneration.
  3454 | Ossuary  | Entered an ossuary
  3527 | Ossuary  | Reached skill level 3 in Fighting
  3576 | Ossuary  | 3576 ||| Stepping ~*~*~tactically~*~*~ (stealth).
  3588 | Ossuary  | 3588 ||| Stepping ~*~*~tactically~*~*~ (outnumbered).
  3643 | Ossuary  | 3643 ||| Stepping ~*~*~tactically~*~*~ (stealth).
  3843 | Ossuary  | 3843 ||| READING scroll labelled KONOUHIMAW.
  3843 | Ossuary  | Identified a scroll of acquirement
  3843 | Ossuary  | 3843 ||| ACQUIRING +0 hat "Ynoafaloy" {rC+ Dex+3}
  3843 | Ossuary  | Acquired the +0 hat "Ynoafaloy" {rC+ Dex+3}
  3845 | Ossuary  | 3845 ||| UPGRADING to +0 hat "Ynoafaloy" {rC+ Dex+3}.
  3850 | Ossuary  | 3850 ||| READING scroll labelled REL ZUQEUF.
  3851 | Ossuary  | 3851 ||| READING scroll labelled DILYKH DARCH.
  3852 | Ossuary  | 3852 ||| READING scroll labelled RIOSEN JATOPTE.
  3853 | Ossuary  | 3853 ||| DRINKING 3 fuming sapphire potions.
  3854 | Ossuary  | 3854 ||| DRINKING 2 smoky white potions.
  3854 | Ossuary  | Gained mutation: Your flesh is cold resistant. (rC+)
                  | [potion of mutation]
  3855 | Ossuary  | 3855 ||| DRINKING 2 fizzy silvery potions.
  3856 | Ossuary  | 3856 ||| DRINKING 2 sedimented red potions.
  3857 | Ossuary  | 3857 ||| READING 4 scrolls of identify.
  3857 | Ossuary  | 3857 ||| IDENTIFYING metallic inky potion
  3858 | Ossuary  | 3858 ||| READING 3 scrolls of identify.
  3858 | Ossuary  | 3858 ||| IDENTIFYING emerald potion
  3859 | Ossuary  | 3859 ||| READING 2 scrolls of identify.
  3859 | Ossuary  | 3859 ||| IDENTIFYING pink potion
  3860 | Ossuary  | 3860 ||| DROPPING 2 potions of attraction.
  3861 | Ossuary  | 3861 ||| DROPPING potion of flight.
  3862 | Ossuary  | 3862 ||| DROPPING potion of brilliance.
  3882 | D:5      | 3882 ||| PLANNING D:1-11
  4025 | D:5      | 4025 ||| Stepping ~*~*~tactically~*~*~ (hiding).
  4032 | D:5      | Reached skill level 1 in Dodging
  4387 | D:6      | 4387 ||| Stepping ~*~*~tactically~*~*~ (outnumbered).
  4388 | D:6      | 4388 ||| Stepping ~*~*~tactically~*~*~ (outnumbered).
  4396 | D:6      | Reached skill level 9 in Unarmed Combat
  4396 | D:6      | Reached XP level 8. HP: 57/74 MP: 8/8
  4489 | D:6      | 4489 ||| Stepping ~*~*~tactically~*~*~ (hiding).
  4490 | D:6      | 4490 ||| Stepping ~*~*~tactically~*~*~ (hiding).
  4617 | D:6      | Noticed Blork the orc
  4619 | D:6      | 4619 ||| Stepping ~*~*~tactically~*~*~ (hiding).
  4620 | D:6      | 4620 ||| Stepping ~*~*~tactically~*~*~ (hiding).
  4627 | D:6      | Killed Blork the orc
  4796 | D:6      | Reached skill level 10 in Unarmed Combat
  4995 | D:6      | Found a radiant altar of Vehumet.
  5307 | D:6      | Found a white marble altar of Elyvilon.
  5739 | D:6      | Found a basalt altar of Yredelemnul.
  5770 | D:6      | 5770 ||| UPGRADING to +2 robe of willpower.
  5780 | D:6      | 5780 ||| DROPPING +0 robe.
  5910 | D:7      | Found a staircase to the Ecumenical Temple.
  6022 | D:7      | Reached skill level 11 in Unarmed Combat
  6139 | D:7      | 6139 ||| Stepping ~*~*~tactically~*~*~ (hiding).
  6140 | D:7      | 6140 ||| Stepping ~*~*~tactically~*~*~ (hiding).
  6147 | D:7      | Reached XP level 9. HP: 84/84 MP: 9/9
  6153 | D:7      | 6153 ||| Stepping ~*~*~tactically~*~*~ (stealth).
  6158 | D:7      | 6158 ||| Stepping ~*~*~tactically~*~*~ (hiding).
  6360 | D:7      | 6360 ||| READING scroll labelled CELIS VYVEYF.
  6361 | D:7      | 6361 ||| DRINKING 2 yellow potions.
  6362 | D:7      | 6362 ||| READING 2 scrolls of identify.
  6362 | D:7      | 6362 ||| IDENTIFYING sedimented amethyst potion
  6363 | D:7      | 6363 ||| DROPPING potion of magic.
  6364 | D:7      | 6364 ||| DROPPING potion of berserk rage.
  6528 | D:8      | 6528 ||| Stepping ~*~*~tactically~*~*~ (hiding).
  6532 | D:8      | 6532 ||| Stepping ~*~*~tactically~*~*~ (outnumbered).
  6536 | D:8      | 6536 ||| INVOKING Fiery Armour.
  6537 | D:8      | 6537 ||| Stepping ~*~*~tactically~*~*~ (outnumbered).
  6566 | D:8      | Noticed a two-headed ogre
  6574 | D:8      | Killed a two-headed ogre
  6575 | D:8      | Reached skill level 12 in Unarmed Combat
  6594 | D:8      | 6594 ||| Stepping ~*~*~tactically~*~*~ (stealth).
  6712 | D:8      | 6712 ||| FLEEEEING.
  6714 | D:8      | Found a glowing silver altar of Zin.
  6714 | D:8      | Found a shimmering blue altar of Sif Muna.
  6715 | D:8      | 6715 ||| FLEEEEING.
  6716 | D:8      | 6716 ||| FLEEEEING.
  6717 | D:8      | 6717 ||| FLEEEEING.
  6718 | D:8      | 6718 ||| FLEEEEING.
  6719 | D:8      | 6719 ||| FLEEEEING.
  6734 | D:8      | 6734 ||| FLEEEEING.
  6744 | D:8      | 6744 ||| FLEEEEING.
  6745 | D:8      | 6745 ||| FLEEEEING.
  6746 | D:8      | 6746 ||| FLEEEEING.
  6747 | D:8      | 6747 ||| FLEEEEING.
  6754 | D:8      | 6754 ||| STAIRDANCE
  6759 | D:7      | 6759 ||| READING 2 scrolls labelled NIOCEO KABRAHO.
  6760 | D:7      | 6760 ||| DROPPING scroll of noise.
  6873 | D:8      | Found a runed translucent gate.
  6875 | D:8      | Found a runed translucent gate.
  6876 | D:8      | Found a runed translucent gate.
  6876 | D:8      | Noticed qw's ghost (novice TrCA)
  6906 | D:8      | Found Ynumall's Demolitions Depot.
  6959 | D:8      | 6959 ||| FLEEEEING.
  6960 | D:8      | 6960 ||| FLEEEEING.
  6961 | D:8      | 6961 ||| FLEEEEING.
  6967 | D:8      | 6967 ||| STAIRDANCE
  6984 | D:8      | 6984 ||| FLEEEEING.
  6985 | D:8      | 6985 ||| FLEEEEING.
  6997 | D:8      | 6997 ||| FLEEEEING.
  6998 | D:8      | 6998 ||| FLEEEEING.
  7009 | D:8      | 7009 ||| FLEEEEING.
  7010 | D:8      | 7010 ||| FLEEEEING.
  7016 | D:8      | 7016 ||| STAIRDANCE
  7031 | D:8      | 7031 ||| FLEEEEING.
  7032 | D:8      | 7032 ||| FLEEEEING.
  7043 | D:8      | 7043 ||| FLEEEEING.
  7044 | D:8      | 7044 ||| FLEEEEING.
  7058 | D:8      | 7058 ||| FLEEEEING.
  7060 | D:8      | 7060 ||| FLEEEEING.
  7067 | D:8      | 7067 ||| STAIRDANCE
  7430 | D:8      | Found a viscous altar of Jiyva.
  7431 | D:8      | 7431 ||| READING 5 scrolls of teleportation.
  7502 | D:9      | Found a faded altar of an unknown god.
  7516 | D:9      | Noticed a two-headed ogre
  7524 | D:9      | HP: 19/84 [two-headed ogre/+0 giant spiked club (15)]
  7525 | D:9      | 7525 ||| READING 4 scrolls of teleportation.
  7525 | D:9      | HP: 3/84 [wyvern (16)]
  7525 | D:9      | Demolished by a two-headed ogre

Levels and vault maps discovered:
D:1:      minmay_arrival_diagonal_passages, layout_basic,
          ebering_ecumenical_altar_mist
D:2:      layout_loops_ring, basic_altar, serial_shops, nicolae_shop_crystal
D:3:      layout_basic, nicolae_hepliaklqana_hazy_memory
D:4:      layout_cave_pools, old_standard_altar,
          mainiacjoe_overflow_small_starburst, gammafunk_ghost_smash,
          guppyfry_shop_venom
D:5:      nicolae_cairo_tiling_large_dashed, layout_basic, lemuel_tele_altar,
          serial_shops, kennysheep_mini, nicolae_ossuary_entry_giza
D:6:      layout_layer_cave, kennysheep_ying_yang, old_standard_altar,
          uniq_blork_the_orc
D:7:      layout_rooms, lemuel_temple_firewalk_b,
          minmay_a_box_with_orc_wizards_in_it
D:8:      layout_loops_ring, nicolae_overflow_two_pavilions,
          gammafunk_ghost_ooze, nicolae_blasting_shop
D:9:      minmay_the_grid_3x2 [minmay_the_grid_tri_star, minmay_the_grid_tree,
          minmay_the_grid_paths, minmay_the_grid_small_cups,
          minmay_the_grid_outer_circle, minmay_the_grid_prize_trominoes],
          layout_irregular_city, led_xom_imps, mainiacjoe_overflow_chevrons,
          dpeg_oklobed_lair, serial_shops, nicolae_shop_overgrown_old_shop,
          serial_column_ruins, column_ruins_temple_circle,
          column_ruins_circle_medium, column_ruins_columns_corner,
          column_ruins_columns_straight, column_ruins_columns_straight,
          column_ruins_open_tiny, minivault_1

Skill      XL: |  1  2  3  4  5  6  7  8  9 |
---------------+----------------------------+-----
Unarmed Combat | 4 5 6 7 9 11 12 | 12.4
Throwing       | 1 |  1.7
Fighting       | 3 4 |  4.0
Dodging        | 1 |  1.8
Spellcasting   | |  1.0
Fire Magic     | |  2.1

Action                   |  1- 3 |  4- 6 |  7- 9 || total
-------------------------+-------+-------+-------++-------
Melee: Unarmed           |    91 |   109 |   193 ||   393
       Punch             |       |       |     9 ||     9
Throw: Boomerang         |    32 |    57 |    47 ||   136
Invok: Fiery Armour      |       |       |     1 ||     1
  Use: Scroll            |     2 |     5 |    12 ||    19
       Potion            |       |     1 |     9 ||    10
Armor: Robe              |    28 |    26 |    31 ||    85
Dodge: Dodged            |    38 |    43 |    41 ||   122

Table legend:
 A = Non-vault XP
 B = Vault XP
 C = Vault XP percentage of total XP
 D = Non-vault monster count
 E = Vault monster count
 F = Vault count percentage of total count
                 A         B        C        D         E       F
            +---------+---------+-------+---------+---------+-------
      Total |    3514 |     632 |  15.2 |     129 |      46 |  26.3
            +---------+---------+-------+---------+---------+-------
        D:1 |      38 |       0 |   0.0 |      22 |       0 |   0.0
        D:2 |     106 |       0 |   0.0 |      29 |       0 |   0.0
        D:3 |      44 |       0 |   0.0 |      14 |       0 |   0.0
        D:4 |      84 |       0 |   0.0 |      10 |       0 |   0.0
        D:5 |     692 |      20 |   2.8 |      17 |       3 |  15.0
        D:6 |    1162 |     100 |   7.9 |      16 |       1 |   5.9
        D:7 |     382 |     176 |  31.5 |       9 |       5 |  35.7
        D:8 |    1006 |       0 |   0.0 |      12 |       0 |   0.0
    Ossuary |       0 |     336 | 100.0 |       0 |      37 | 100.0
            +---------+---------+-------+---------+---------+-------
